AoeStats
← 牛油果

Arabia

503537586Analyzed
1v1 RM · 1mo ago on Sep 1, 2026· 41m 15s· 2 players
Game mode
Random Map
Map size
Tiny (2 player)
Population
200
Speed
Normal
Resources
Standard
Victory
Conquest
Starting age
Dark Age
Ending age
Imperial Age
RankedLock teamsTeams togetherTeam positionsShared explorationLock speedFull tech treeHidden civsTurbo modeCheats
Victory
Defeat
🇨🇳 Chinese · China
1832
+17
🇭🇰 Armenians · Hong Kong SAR China
1853
-17
TUAN
0:25 Loom
9:12 Feudal Age
10:39 Horse Collar
10:47 Double-Bit Axe
13:59 Fletching
22:35 Castle Age
20:52 Scale Barding Armor
20:57 Forging
20:42 Gold Mining
20:56 Horse Collar
22:06 Bloodlines
22:53 Padded Archer Armor
22:39 Crossbowman
24:44 Wheelbarrow
24:25 Bodkin Arrow
25:33 Chain Barding Armor
27:02 Caravan
28:03 Husbandry
28:43 Gold Shaft Mining
28:26 Bow Saw
30:14 Heavy Plow
31:29 Iron Casting
39:41 Imperial Age
39:48 Cavalier
41:06 Plate Barding Armor
42:19 Blast Furnace
41:43 Conscription
牛油果
6:46 Loom
9:04 Feudal Age
9:44 Double-Bit Axe
9:42 Horse Collar
9:57 Man-at-Arms
17:54 Wheelbarrow
19:09 Fletching
22:28 Castle Age
20:48 Padded Archer Armor
21:24 Scale Mail Armor
21:37 Long Swordsman
23:22 Bow Saw
22:48 Two-Handed Swordsman
23:51 Elite Skirmisher
25:52 Squires
27:29 Bodkin Arrow
29:42 Town Watch
30:28 Hand Cart
36:25 Imperial Age
34:50 Heavy Plow
34:41 Gold Mining
34:41 Stone Mining
35:55 Leather Archer Armor
36:02 Ballistics
37:10 Bracer
38:11 Chemistry
39:43 Fortified Wall
Connection lost

Rejoining the realm…

Still unreachable

The connection could not be restored.

Session expired

The server has moved on; the page needs a fresh start.